 Dungeon Crawl Stone Soup version 0.28-a0-1202-g1e6f1b2279 (webtiles) character file.

Game seed: 5943487806610658037

29 Astera the Gusty (level 3, -4/20 HPs)
             Began as a Tengu Air Elementalist on Dec 20, 2021.
             Slain by an adder (5 damage)
             ... on level 1 of the Dungeon.
             The game lasted 00:07:34 (1353 turns).

Astera the Gusty (Tengu Air Elementalist)           Turns: 1353, Time: 00:07:35

Health: -4/20      AC:  2    Str:  8    XL:     3   Next: 16%
Magic:  1/7        EV: 12    Int: 17    God:
Gold:   66         SH:  0    Dex: 14    Spells: 4/6 levels left

rFire   . . .      SeeInvis .   f - +1 dagger (holy)
rCold   . . .      Faith    .   (no shield)
rNeg    . . .      Spirit   .   a - +0 robe
rPois   .          Reflect  .   (helmet restricted)
rElec   .          Harm     .   (no cloak)
rCorr   .          Rampage  .   (no gloves)
Will    .....                   (boots unavailable)
Stlth   ++........              (no amulet)
HPRegen 0.06/turn               (no ring)
MPRegen 0.10/turn               (no ring)

@: lethally poisoned (-4 -> -9)
A: beak, talons 3
a: no special abilities


You were on level 1 of the Dungeon.
You visited 1 branch of the dungeon, and saw 2 of its levels.

You collected 66 gold pieces.

Inventory:

Hand Weapons
 f - a +1 dagger of holy wrath (weapon)
Armour
 a - a +0 robe (worn)
Scrolls
 b - a scroll of identify {unknown}
 c - a scroll of silence {unknown}
 d - a scroll of summoning {unknown}
 e - a scroll of enchant weapon {unknown}


   Skills:
 + Level 0.6 Fighting
 + Level 0.4 Armour
 + Level 2.4 Dodging
 + Level 2.2 Stealth
 + Level 2.2 Spellcasting
 + Level 1.9 Conjurations
 - Level 0.8 Summonings
 + Level 4.2 Air Magic


You had 4 spell levels left.
You knew the following spells:

 Your Spells              Type           Power      Damage    Failure   Level
a - Shock                 Conj/Air       48%        1d6       5%          1
b - Summon Small Mammal   Summ           16%        N/A       14%         1

Your spell library contained the following spells:

 Spells                   Type           Power      Damage    Failure   Level
 Static Discharge         Conj/Air       12%        N/A       8%          2
 Swiftness                Air            16%        N/A       10%         3
 Airstrike                Air            8%         N/A       32%         4
 Call Canine Familiar     Summ           4%         N/A       38%         3
 Summon Guardian Golem    Hex/Summ       3%         N/A       43%         3


Dungeon Overview and Level Annotations

Branches:
Dungeon (2/15)

Altars:


Innate Abilities, Weirdness & Mutations

You have a beak for a mouth.
You have claws for feet.


Message History

Really fire in your rat's direction?
Okay, then.
Unknown command.
The adder bites you.
Your rat bites the adder but does no damage.
The adder closely misses you. The adder bites you.
Your rat bites the adder.
The adder bites your rat.
Your rat dies!
Your rat's corpse disappears in a puff of smoke!
You are too injured to fight recklessly!
Casting: Shock (safe; 5% risk of failure)
Confirm with . or Enter, or press ? or * to list all spells.
Aiming: Shock (safe; 5% risk of failure)
Press: ? - help, Shift-Dir - straight line, f/p - adder
Aim: an adder (moderately wounded, 48% to hit)
The zap hits the adder.
The adder is heavily wounded.
Casting: Shock (safe; 5% risk of failure)
Confirm with . or Enter, or press ? or * to list all spells.
Aiming: Shock (safe; 5% risk of failure)
Press: ? - help, Shift-Dir - straight line, f/p - adder
Aim: an adder (heavily wounded, 48% to hit)
The zap hits the adder.
The adder is almost dead.
The adder bites you.
* * * LOW HITPOINT WARNING * * *
The adder bites you.
* * * LOW HITPOINT WARNING * * *
You are lethally poisoned!
The adder poisons you!
Casting: Shock (safe; 5% risk of failure)
Confirm with . or Enter, or press ? or * to list all spells.
Aiming: Shock (safe; 5% risk of failure)
Press: ? - help, Shift-Dir - straight line, f/p - adder
Aim: an adder (almost dead, 48% to hit)
The zap misses the adder.
* * * LOW HITPOINT WARNING * * *
You feel sick. The adder bites you.
You die...

≈.##........##..............#
≈≈##........##..............#
≈###........##..............##
## #........##...............#
#####........'.............#.#
##....########.............#.#
#.....).....'.............#.#
#....########..S..........#.##
#....# #..@..........#..#
###...# #.............##.#
#≈#...# #.............##.#
#≈#...# ####'#.#########.#
≈≈#...# #...#.......#.#
≈≈#.#.# #.#.'.>.>.>.+.#
≈##.#.# #.#.#.......#.#
###.#.# #.#.#########.#
#.#.#.# #.#.#.......#.#


You could see an adder.

Vanquished Creatures
  A ball python (D:1)
  2 endoplasms (D:1)
  6 goblins
  2 hobgoblins (D:1)
  5 quokkas (D:1)
  6 bats (D:1)
  A frilled lizard (D:1)
  3 rats (D:1)
26 creatures vanquished.

Notes
Turn   | Place    | Note
-------+----------+-------------------------------------------
     0 | D:1      | Astera the Tengu Air Elementalist began the quest for the
                  | Orb.
     0 | D:1      | Reached XP level 1. HP: 10/10 MP: 4/4
   107 | D:1      | Learned a level 1 spell: Summon Small Mammal
   295 | D:1      | Reached XP level 2. HP: 15/15 MP: 3/6
   835 | D:1      | Reached XP level 3. HP: 20/20 MP: 4/7
  1353 | D:1      | HP: 1/20 [poisoned by an adder]
  1353 | D:1      | Slain by an adder

Illustrated notes

Levels and vault maps discovered:
D:1:      minmay_arrival_up_and_down, layout_basic, serial_rivers,
          chequers_serial_rivers_marsh, chequers_serial_rivers_micro_b,
          chequers_serial_rivers_micro_a, chequers_serial_rivers_large_b,
          chequers_serial_rivers_large_a
D:2:      layout_rooms, uniq_terence

Action                   || total
-------------------------++-------
Melee: Unarmed           ||     7
       Kick              ||     3
 Cast: Shock             ||    56
       Summon Small Mamm ||     2
Armor: Robe              ||     7
Dodge: Dodged            ||    21

Table legend: (Time is in decaauts)
 A = Elapsed time spent in this place.
 B = Non-inter-level travel time spent in this place.
 C = Inter-level travel time spent in this place.
 D = Time resting spent in this place.
 E = Time spent auto-exploring this place.
 F = Levels seen in this place.
 G = Mean time per level.
                   A        B        C        D        E       F      G
               +--------+--------+--------+--------+--------+-----+--------+
         Total |   1384 |   1348 |     36 |    129 |    686 |   2 |  692.0 |
       Dungeon |   1384 |   1348 |     36 |    129 |    686 |   2 |  692.0 |
               +--------+--------+--------+--------+--------+-----+--------+

Top non-repeatable levels by time:
     D:1: 1378 daAuts
     D:2: 5 daAuts
